Map: Ruins of Seras

Players

SticklerMac

  • Race: Zerg Zerg
  • League: Silver

아이유 - Winner!

  • Race: Terran Terran
  • League: Silver

VOD

Have the link to the VOD?

Description

Time

  • Played on: Sept. 28, 2015, 10:54 p.m.
  • Length: 20:14
Show
View Real Time Build Order
Export as new Build Order

SticklerMac Zerg 

Build Orders: Hatch First, Zergling Baneling 

Get SALT Encoding   

  12  0:01  Drone  
  13  0:10  Drone  
  14  0:17  Overlord  
  14  0:29  Extractor  
  14  0:30  Drone x2, Extractor  
  17  0:35  Drone  
  17  0:57  Hatchery  
  17  0:59  Drone  
  17  1:01  Drone  
  18  1:05  Extractor  
  17  1:19  Spawning Pool  
  16  1:29  Drone x3  
  19  1:41  Drone  
  20  1:59  Drone  
  21  2:03  Overlord  
  21  2:06  Metabolic Boost  
  21  2:08  Queen  
  23  2:15  Queen  
  23  2:19  Drone  
  26  2:31  Drone x3  
  26  2:37  Drone x2  
  30  2:42  Drone  
  31  2:49  Zergling x2  
  32  2:53  Zergling x2  
  32  2:57  Zergling x2  
  34  2:59  Baneling Nest  
  34  3:04  Drone  
  34  3:06  Zergling x2  
  35  3:15  Zergling x2  
  36  3:20  Overlord x2  
  36  3:31  Zergling x2  
  36  3:48  Zergling x12  
  40  3:49  Zergling x2  
  40  3:54  Zergling x4  
  40  3:55  Zergling x6  
  48  3:58  Baneling x5  
  48  4:05  Zergling x4  
  48  4:06  Zergling x4  
  48  4:08  Overlord  
  50  4:14  Zergling x2  
  51  4:18  Overlord  
  51  4:30  Baneling x2  
  51  4:31  Baneling x6  
  51  4:34  Hatchery  
  36  5:01  Zergling x2  
  36  5:02  Zergling x10  
  42  5:08  Baneling  
  42  5:09  Baneling x4  
  42  5:17  Zergling x4  
  42  5:31  Baneling x2  
  42  5:32  Zergling x4  
  43  5:36  Zergling x2  
  43  5:37  Zergling x2  
  45  5:46  Baneling x2  
  45  5:56  Zergling x12  
  45  5:57  Zergling x6  
  54  6:07  Baneling x2  
  54  6:19  Drone  
  54  6:20  Drone x6  
  50  6:38  Zergling x4  
  50  6:39  Zergling x6  
  46  6:46  Zergling x6  
  48  6:52  Zergling x2  
  49  6:58  Baneling  
  49  6:59  Baneling  
  49  7:00  Zergling x4  
  47  7:16  Drone  
  47  7:17  Drone x5  
  53  7:23  Spore Crawler  
  53  7:26  Spore Crawler  
  53  7:27  Spore Crawler  
  53  7:28  Spore Crawler  
  53  7:29  Spore Crawler x2  
  47  7:32  Spore Crawler  
  47  7:34  Zergling x6  
  47  7:35  Spore Crawler  
  47  7:36  Zergling x4  
  50  7:37  Spore Crawler, Drone  
  50  7:50  Queen  
  52  7:51  Queen  
  52  7:55  Lair  
  52  7:57  Drone x3, Extractor  
  52  7:58  Drone x4  
  56  8:10  Zergling x2  
  56  8:11  Zergling x2  
  57  8:17  Spore Crawler  
  55  8:27  Spore Crawler  
  54  8:38  Queen x2  
  54  8:41  Drone x6  
  60  8:42  Drone x3  
  66  8:58  Spore Crawler  
  64  9:11  Spire  
  64  9:15  Spore Crawler  
  62  9:36  Drone x5  
  62  9:37  Drone x4  
  71  9:42  Drone x3  
  71  9:44  Overlord x2  
  74  9:47  Extractor  
  74  9:50  Extractor  
  71  10:04  Queen x2  
  71  10:06  Queen  
  77  10:13  Drone  
  78  10:21  Drone x2  
  78  10:22  Drone x3  
  78  10:26  Drone  
  78  10:27  Drone x3  
  87  10:30  Mutalisk  
  87  10:34  Overlord x3  
  77  11:09  Mutalisk x9  
  86  11:30  Drone x8  
  86  11:31  Drone  
  90  11:42  Drone x5  
  90  11:43  Drone x4  
  99  11:58  Zergling x4  
  99  11:59  Zergling x8  
  99  12:00  Zergling x2  
  99  12:01  Mutalisk x5, Drone  
  105  12:21  Mutalisk x2  
  104  12:44  Mutalisk  
  104  12:49  Zergling x14  
  104  12:50  Overlord  
  104  12:51  Overlord x5  
  108  13:05  Mutalisk  
  108  13:06  Mutalisk  
  108  13:12  Zergling x24  
  124  13:19  Zergling x2  
  125  13:26  Zergling x8  
  131  13:27  Zergling x4  
  131  13:34  Zergling x6  
  131  13:35  Zergling x6  
  131  13:37  Mutalisk  
  134  13:50  Zergling x2  
  134  13:51  Zergling x10  
  140  14:00  Mutalisk x2  
  144  14:04  Zergling x12  
  144  14:06  Overlord  
  150  14:15  Zergling x2  
  150  14:16  Zergling x4  
  153  14:20  Overlord x4  
  153  14:27  Hatchery, Mutalisk x2  
  129  14:50  Mutalisk  
  129  14:52  Zergling x4  
  116  14:53  Zergling x18  
  118  15:12  Zergling x4  
  118  15:13  Zergling x16  
  124  15:35  Mutalisk  
  124  15:36  Mutalisk x2, Zergling x2  
  124  15:38  Zergling x6  
  124  15:39  Zergling x6  
  110  16:11  Zergling x22  
  96  16:36  Zergling x2  
  96  16:37  Zergling x16  
  105  16:49  Hatchery  
  104  16:54  Zergling x2  
  104  16:55  Zergling x8  
  104  16:57  Mutalisk  
  111  17:21  Queen  
  113  17:23  Drone  
  114  17:35  Hatchery  
  113  17:40  Mutalisk x4  
  113  17:43  Overlord  
  121  17:45  Drone  
  121  17:49  Hatchery  
  121  17:58  Hatchery  
  120  18:33  Infestation Pit  
  119  18:57  Queen  
  119  18:58  Queen  
  119  19:02  Queen  
  125  19:17  Zergling x30  
  126  19:18  Zergling x34  
  140  19:55  Zergling x2  
  140  19:56  Zergling x20  
Show
View Real Time Build Order
Export as new Build Order

아이유 Terran - Winner!

Build Orders: Liberator Opening, Mech 

Get SALT Encoding   

  12  0:01  SCV  
  13  0:13  SCV  
  14  0:19  Supply Depot  
  14  0:25  SCV  
  15  0:40  SCV  
  15  0:42  Barracks  
  16  0:52  SCV  
  16  0:56  Refinery  
  17  0:58  Refinery  
  17  1:05  SCV  
  18  1:16  Supply Depot  
  18  1:17  SCV  
  19  1:31  Marine  
  19  1:32  Orbital Command  
  20  1:47  Factory  
  20  1:49  Marine  
  21  2:05  SCV  
  22  2:22  SCV  
  23  2:32  Command Center  
  23  2:39  Marine  
  23  2:42  Starport  
  23  2:43  Factory Tech Lab  
  24  2:47  SCV  
  25  3:05  Siege Tank  
  28  3:07  SCV, Bunker  
  29  3:33  SCV  
  30  3:38  Supply Depot, Starport Tech Lab  
  30  3:48  SCV  
  31  3:49  Orbital Command  
  31  3:52  Supply Depot, Liberator  
  30  4:00  SCV  
  31  4:07  Siege Tank  
  36  4:14  SCV  
  36  4:15  SCV, Supply Depot  
  38  4:22  Marine  
  39  4:29  Supply Depot  
  39  4:30  SCV x2  
  41  4:33  Refinery  
  41  4:39  Siege Tank  
  34  5:07  Liberator, Orbital Command  
  27  5:25  Siege Tank  
  33  5:29  Unknown  
  33  5:40  SCV x2  
  35  5:52  SCV x2  
  35  5:53  Factory  
  35  5:55  Factory  
  37  6:06  Siege Tank  
  31  6:50  Supply Depot, Hellion  
  31  6:51  Supply Depot, Hellion  
  31  6:52  Hellion  
  37  7:28  Factory Tech Lab x2  
  37  7:32  Factory Reactor  
  37  7:37  Orbital Command  
  37  7:44  Siege Tank  
  40  8:02  SCV  
  40  8:03  SCV  
  42  8:05  Siege Tank  
  45  8:14  SCV  
  45  8:15  SCV  
  47  8:26  Siege Tank  
  47  8:27  SCV  
  51  8:28  Hellion  
  51  8:29  Hellion  
  52  8:58  Siege Tank  
  52  9:01  SCV x2  
  57  9:13  SCV x2  
  57  9:14  Hellion  
  61  9:17  Supply Depot  
  61  9:18  Supply Depot  
  61  9:25  SCV  
  61  9:31  SCV, Hellion  
  62  9:39  SCV, Hellion x2  
  62  9:43  SCV  
  62  9:44  Refinery  
  68  9:51  SCV  
  68  9:52  Armory  
  69  9:54  Supply Depot  
  69  9:55  SCV  
  60  10:03  SCV, Hellion x2  
  60  10:04  Hellion x2, Infernal Pre-Igniter  
  69  10:18  Engineering Bay  
  73  10:35  Hellion  
  73  10:36  Hellion x3  
  81  10:57  Hellion x2  
  71  11:31  Hellbat x3  
  71  11:32  Hellbat  
  73  11:34  SCV  
  73  11:35  SCV  
  75  11:40  Missile Turret  
  75  11:41  Missile Turret  
  75  11:42  Missile Turret  
  75  11:45  Command Center, Missile Turret x2  
  75  11:46  SCV  
  75  11:47  SCV  
  77  11:52  Thor  
  77  11:53  Hellbat x2  
  83  11:55  Thor  
  60  12:35  Thor  
  65  12:52  Siege Tank  
  65  12:53  Command Center, Hellbat  
  65  12:54  Hellbat  
  65  12:56  Terran Vehicle Weapons Level 1  
  65  12:57  Factory  
  70  13:15  Hellbat  
  70  13:18  Siege Tank  
  75  13:24  Siege Tank  
  78  13:42  Command Center  
  78  13:51  Factory Tech Lab  
  78  13:52  Thor  
  78  13:55  SCV x2  
  86  14:04  Thor  
  86  14:07  SCV  
  93  14:10  Orbital Command  
  93  14:14  Hellbat x3  
  99  14:19  Raven  
  101  14:43  Hellbat  
  101  14:47  Hellbat  
  66  15:16  Missile Turret  
  66  15:17  Thor x2  
  66  15:18  Hellbat  
  66  15:19  Hellbat x2  
  66  15:20  Missile Turret  
  84  15:25  Planetary Fortress  
  84  15:31  Missile Turret  
  84  15:34  Raven  
  86  15:40  Hellbat x2  
  86  15:42  Refinery  
  90  15:48  Hellbat  
  68  16:00  Hellbat x2  
  62  16:20  Thor  
  62  16:21  Thor  
  64  16:29  Thor  
  64  16:30  Hellbat x2  
  75  16:54  Hellbat x2  
  77  17:03  Thor  
  77  17:04  Thor  
  89  17:09  Refinery  
  89  17:18  Hellbat x3  
  95  17:23  Command Center  
  95  17:36  Factory  
  95  17:38  Factory  
  95  17:39  Hellbat x2  
  95  17:40  Hellbat  
  101  17:46  Hellbat  
  101  17:48  Thor  
  109  17:56  Terran Vehicle Weapons Level 2  
  109  18:01  Hellbat x3  
  115  18:11  Supply Depot  
  115  18:13  Supply Depot  
  115  18:14  Supply Depot  
  115  18:16  Supply Depot  
  115  18:18  Hellbat  
  119  18:22  Hellbat x2  
  119  18:24  Factory Tech Lab  
  119  18:25  Factory Reactor  
  121  18:27  Supply Depot  
  121  18:28  Supply Depot  
  121  18:31  Hellbat  
  121  18:32  Hellbat  
  125  18:40  Hellbat  
  127  18:43  Hellbat  
  127  18:44  Planetary Fortress, Hellbat  
  127  18:48  Missile Turret  
  131  18:52  Hellbat  
  133  19:05  Refinery  
  133  19:08  Missile Turret  
  133  19:09  Refinery  
  133  19:10  Thor  
  133  19:12  Hellbat  
  133  19:13  Hellbat x4  
  149  19:30  Missile Turret  
  161  19:47  Hellbat  
  161  19:51  Missile Turret  
Tags
 
Add a new tag
Caveats
  • Supply blocks, unpowered buildings, or Contaminate may cause inaccurate times.
  • Supply counts are checked every 10 seconds.